 Dungeon Crawl Stone Soup version 0.23-b1-70-gd12f7cf (webtiles) character file.

Game seed: 13422953395365001161

2023 Vno the Destroyer (level 9, 0/62 HPs)
             Began as a Purple Draconian Conjurer on Feb 4, 2019.
             Was a Believer of Vehumet.
             Slain by a wyvern (5 damage)
             ... on level 8 of the Dungeon on Feb 6, 2019.
             The game lasted 00:50:21 (7889 turns).

Vno the Destroyer (Purple Draconian Conjurer)       Turns: 7889, Time: 00:50:21

Health: 0/62       AC:  8    Str: 11    XL:     9   Next: 3%
Magic:  7/19       EV: 12    Int: 18    God:    Vehumet [**....]
Gold:   345        SH:  0    Dex: 12    Spells: 8/22 levels left

rFire    . . .     SeeInvis .   h - +4 dagger (holy)
rCold    + . .     Gourm    .   (no shield)
rNeg     + . .     Faith    .   (armour unavailable)
rPois    .         Spirit   .   (helmet restricted)
rElec    .         Reflect  .   B - +0 cloak
rCorr    .         Harm     .   (no gloves)
MR       +....                  (no boots)
Stlth    ++........             m - amulet of regeneration
HPRegen  0.60/turn              o - ring of positive energy
MPRegen  0.16/turn              p - ring of protection from cold

@: no status effects
A: breathe power, unfitting armour, cold-blooded, AC +7
a: Breathe Dispelling Energy, Renounce Religion


You were on level 8 of the Dungeon.
You worshipped Vehumet.
Vehumet was pleased with you.
You were not hungry.

You visited 1 branch of the dungeon, and saw 8 of its levels.

You collected 345 gold pieces.

Inventory:

Hand Weapons
 e - a +0 dagger
 h - a +4 dagger of holy wrath (weapon)
 l - a +5 club
Armour
 B - a +0 cloak (worn)
Jewellery
 m - an amulet of regeneration (around neck)
 o - a ring of positive energy (left hand)
 p - a ring of protection from cold (right hand)
 r - a +4 ring of strength
Wands
 u - a wand of random effects (17)
Scrolls
 a - a scroll of enchant weapon
 d - 4 scrolls of identify
 f - 6 scrolls of remove curse
 g - 4 scrolls of enchant armour {unknown}
 j - 2 scrolls of teleportation {unknown}
 n - 3 scrolls of fear {unknown}
 s - 2 scrolls of immolation {unknown}
 t - a scroll of magic mapping {unknown}
 y - a scroll of fog {unknown}
 D - a scroll of noise {unknown}
Potions
 c - 2 potions of might
 i - a potion of heal wounds
 k - 5 potions of curing
 q - a potion of flight {unknown}
 v - 2 potions of agility {unknown}
 w - a potion of degeneration {unknown}
 x - a potion of mutation {unknown}
 z - a potion of magic {unknown}
 A - a potion of cancellation {unknown}
Comestibles
 b - 10 rations
 C - 8 chunks of flesh


   Skills:
 - Level 1.0 Short Blades
 - Level 1.7 Dodging
 - Level 1.7 Stealth
 - Level 7.0 Spellcasting
 * Level 10.7 Conjurations
 + Level 0.6 Earth Magic
 - Level 0.5 Poison Magic


You had 8 spell levels left.
You knew the following spells:

 Your Spells              Type           Power        Failure   Level  Hunger
a - Magic Dart            Conj           ####         1%          1    None
b - Searing Ray           Conj           #####.       1%          2    None
c - Dazzling Spray        Conj/Hex       ####..       3%          3    ##.....
d - Sting                 Conj/Pois      ####         1%          1    None
e - Iskenderun's Mystic   Conj           #####...     1%          4    ####...
f - Stone Arrow           Conj/Erth      ####..       3%          3    ##.....

Your spell library contained the following spells:

 Spells                   Type           Power        Failure   Level  Hunger
 Freeze                   Ice            #...         11%         1    None
 Sandblast                Erth           #.....       9%          1    None
 Confusing Touch          Hex            #.....       11%         1    None
 Force Lance              Conj/Tloc      ####....     12%         4    ####...
 Fulminant Prism          Conj/Hex       ####......   12%         4    ####...
 Passwall                 Tmut/Erth      #.......     14%         2    None
 Confuse                  Hex            #.......     32%         3    ##.....
 Gell's Gravitas          Tloc           #.........   32%         3    ##.....
 Petrify                  Tmut/Erth      #.......     67%         4    ####...
 Lee's Rapid Deconstruct  Erth           #.........   93%         5    #####..
 Metabolic Englaciation   Hex/Ice        #.........   96%         5    #####..
 Yara's Violent Unravell  Hex/Tmut       #.........   96%         5    #####..


Dungeon Overview and Level Annotations

Branches:
Dungeon (8/15)             Temple (0/1) D:6
   Lair: D:8-11

Altars:
Elyvilon
Fedhas
Nemelex Xobeh
Ru
Sif Muna
Vehumet
Xom
The Shining One

Shops:
D:6 (*[

Annotations:
D:4 Pikel


Innate Abilities, Weirdness & Mutations

You can breathe bolts of dispelling energy.
Your rich purple scales are hard. (AC +7)
You cannot fit into any form of body armour.
You are cold-blooded and may be slowed by cold attacks.


Message History

Found 15 gold pieces.
You see here a crocodile corpse.
You butcher the crocodile corpse.
C - 8 chunks of flesh (gained 6)
You see here a crocodile skeleton.
You see here a bullfrog skeleton.
The wyvern hisses angrily.
The wyvern bites you but does no damage.
The wyvern bites you! The wyvern misses you. The wyvern bites you!
The wyvern bites you!
The wyvern bites you but does no damage.
The wyvern bites you. The wyvern bites you. The wyvern bites you!
* * * LOW HITPOINT WARNING * * *
The wyvern bites you!
* * * LOW HITPOINT WARNING * * *
The wyvern barely misses you. The wyvern closely misses you.
The wyvern bites you.
You die...

$...####....#
.#......#......#
#....#..#..#...#
##...###...###..#
.#.....#....$#..#
.....#..........
.............#
#........รท.#
#...$...@<#
#......###l.#
......... #.....
........##..####..
.......###..#
....... ....
..t..#. ..##.
.....#.... . ...


You could see a wyvern.

Vanquished Creatures
  An ice beast (D:5)
  An orc warrior (D:6)
  An ogre (D:6)
  A wolf (D:7)
  2 centaurs
  2 crocodiles (D:8)
  3 bullfrogs
  A water moccasin zombie (D:6)
  A water moccasin skeleton (D:7)
  3 wights (D:6)
  A centaur zombie (D:6)
  3 howler monkeys (D:7)
  A crimson imp (D:5)
  A bullfrog zombie (D:7)
  5 hounds
  A centaur skeleton (D:8)
  An orc priest (D:7)
  3 orc wizards (D:5)
  Jessica (D:2)
  An iguana (D:5)
  4 worker ants
  A killer bee zombie (D:6)
  A hound zombie (D:6)
  7 gnolls
  7 adders
  3 shadow imps
  An adder zombie (D:5)
  A worm (D:4)
  2 dart slugs
  3 leopard geckos
  17 orcs
  5 giant cockroaches
  7 goblins
  5 hobgoblins
  8 jackals
  11 bats
  10 frilled lizards
  2 kobolds
  4 rats
133 creatures vanquished.

Notes
Turn   | Place    | Note
-------+----------+-------------------------------------------
     0 | D:1      | Vno the Draconian Conjurer began the quest for the Orb.
     0 | D:1      | Reached XP level 1. HP: 14/14 MP: 3/3
   389 | D:1      | Reached XP level 2. HP: 20/20 MP: 0/5
   396 | D:1      | Learned a level 2 spell: Searing Ray
  1198 | D:2      | Found a faded altar of an unknown god.
  1232 | D:2      | Reached XP level 3. HP: 26/26 MP: 2/6
  1303 | D:2      | Reached skill level 5 in Conjurations
  1727 | D:2      | Reached XP level 4. HP: 33/33 MP: 1/7
  2267 | D:2      | Noticed Jessica
  2275 | D:2      | Killed Jessica
  2434 | D:3      | Noticed a centaur
  2438 | D:3      | Killed a centaur
  2438 | D:3      | Reached skill level 6 in Conjurations
  2438 | D:3      | Reached XP level 5. HP: 17/38 MP: 3/9
  3187 | D:3      | Found a radiant altar of Vehumet.
  3187 | D:3      | Found a sacrificial altar of Ru.
  3202 | D:3      | Found a white marble altar of Elyvilon.
  3204 | D:3      | Found a blossoming altar of Fedhas.
  3206 | D:3      | Found a shimmering altar of Xom.
  3230 | D:3      | Became a worshipper of Vehumet
  3660 | D:3      | Reached XP level 6. HP: 45/45 MP: 7/10
  3844 | D:4      | Noticed a slave
  3844 | D:4      | Noticed a slave
  4239 | D:4      | Found a glowing golden altar of the Shining One.
  4318 | D:4      | Noticed a slave
  4318 | D:4      | Noticed a slave
  4320 | D:4      | Noticed Pikel
  4332 | D:5      | Entered Level 5 of the Dungeon
  4344 | D:5      | Reached skill level 1 in Short Blades
  4439 | D:5      | Reached skill level 7 in Conjurations
  4508 | D:5      | Noticed an ice beast
  4535 | D:5      | Killed an ice beast
  4700 | D:5      | Your scales start taking on a rich purple colour.
  4700 | D:5      | Reached XP level 7. HP: 50/50 MP: 10/14
  4726 | D:5      | Reached * piety under Vehumet
  4726 | D:5      | Offered knowledge of Sting by Vehumet.
  4733 | D:5      | Reached skill level 5 in Spellcasting
  4764 | D:5      | Upgraded the game from 0.23-b1-58-ge3fafae to
                  | 0.23-b1-70-gd12f7cf
  4947 | D:5      | Learned a level 3 spell: Dazzling Spray
  4949 | D:5      | Learned a level 1 spell: Sting
  4954 | D:5      | Learned a level 4 spell: Iskenderun's Mystic Blast
  4958 | D:5      | Learned a level 3 spell: Stone Arrow
  5344 | D:5      | Found a deep blue altar of Sif Muna.
  5510 | D:6      | Reached skill level 8 in Conjurations
  5694 | D:6      | Reached XP level 8. HP: 57/57 MP: 7/17
  5727 | D:6      | Found Ceorrom's Weapon Boutique.
  5768 | D:6      | Found a sparkling altar of Nemelex Xobeh.
  6065 | D:6      | Found a staircase to the Ecumenical Temple.
  6119 | D:6      | Reached skill level 9 in Conjurations
  6143 | D:6      | Found Eskudaabi's Antique Armour Shoppe.
  6325 | D:6      | Found Moeny's Assorted Antiques.
  6691 | D:7      | Offered knowledge of Freeze by Vehumet.
  6692 | D:7      | Reached ** piety under Vehumet
  6939 | D:7      | Reached skill level 10 in Conjurations
  7846 | D:8      | Reached XP level 9. HP: 44/62 MP: 0/19
  7889 | D:8      | Slain by a wyvern

Skill      XL: |  1  2  3  4  5  6  7  8 |
---------------+-------------------------+-----
Conjurations   | 5 6 7 8 10 | 10.7
Spellcasting   | 3 4 6 7 |  7.0
Short Blades   | 1 |  1.0
Dodging        | |  1.7
Stealth        | |  1.7
Earth Magic    | |  0.6
Poison Magic   | |  0.5

Action                   |  1- 3 |  4- 6 |  7- 9 || total
-------------------------+-------+-------+-------++-------
Melee: Unarmed           |     9 |       |       ||     9
       Tailslap          |     3 |     3 |     6 ||    12
       Dagger            |    14 |    43 |    51 ||   108
 Cast: Magic Dart        |    66 |    84 |    42 ||   192
       Searing Ray       |     4 |    13 |    10 ||    27
       Sting             |       |       |    37 ||    37
       Iskenderun's Myst |       |       |    41 ||    41
       Stone Arrow       |       |       |     5 ||     5
       Dazzling Spray    |       |       |     3 ||     3
  Use: Potion            |       |     2 |       ||     2
       Scroll            |       |       |     4 ||     4
  Eat: Chunk             |     4 |     8 |     8 ||    20
       Ration            |       |       |     3 ||     3
Armor: Skin              |    28 |    20 |    23 ||    71
Dodge: Dodged            |    30 |    45 |    59 ||   134
